 Dungeon Crawl Stone Soup version 0.29.1-13-g9f3cf754e1 (webtiles) character file.

Game seed: 9133580488699987176

2122 croobank the Chucker (level 9, 0/68 HPs)
             Began as a Gnoll Wanderer on Jan 30, 2023.
             Was an Initiate of Gozag.
             Slain by a killer bee (8 damage)
             ... on level 7 of the Dungeon.
             The game lasted 00:29:08 (7733 turns).

croobank the Chucker (Gnoll Wanderer)               Turns: 7733, Time: 00:29:09

Health: 0/68       AC:  8    Str: 12 (13) XL:     9   Next: 29%
Magic:  16/16      EV: 16    Int: 12 (14) God:    Gozag
Gold:   523        SH:  0    Dex: 17 (19) Spells: 17/18 levels left

rFire   . . .      SeeInvis .   q - +2 war axe (venom)
rCold   + . .      Faith    .   (no shield)
rNeg    . . .      Spirit   .   g - +0 ring mail
rPois   +          Reflect  .   (no helmet)
rElec   .          Harm     .   (no cloak)
rCorr   .          Rampage  .   v - +1 pair of gloves
Will    .....                   (no boots)
Stlth   ++........              r - amulet of the acrobat
HPRegen 0.21/turn               l - +4 ring of evasion
MPRegen 0.15/turn               o - ring "Nounten" {rPois rC+ Dex+7}

@: mighty, brilliant, gold aura
A: fangs 1, strong nose, distributed training
a: Renounce Religion, Potion Petition, Call Merchant, Bribe Branch


You were on level 7 of the Dungeon.
You worshipped Gozag.
Gozag was pleased with you.
You visited 1 branch of the dungeon, and saw 8 of its levels.
You also visited: Sewer.

You collected 963 gold pieces.
You paid 440 gold pieces to Gozag.

Inventory:

Hand Weapons
 a - a +2 sling
 c - a +0 dagger
 p - a +0 vorpal war axe
 q - a +2 war axe of venom (weapon)
 u - a +0 long sword
Missiles
 b - 16 poisoned darts (quivered)
 k - a throwing net
 y - a curare-tipped dart
Armour
 e - a +0 leather armour
 g - a +0 ring mail (worn)
 v - a +1 pair of gloves (worn)
 x - the +3 helmet of Liberalism {rPois rF- rN+ Dex+4}
   (You found it on level 5 of the Dungeon)

   Dex:       It affects your dexterity (+4).
   rF:        It makes you vulnerable to fire.
   rPois:     It protects you from poison.
   rN:        It protects you from negative energy.
Magical Staves
 m - a staff of conjuration
 t - a staff of death
Jewellery
 f - a +6 ring of intelligence
 l - a +4 ring of evasion (left hand)
 n - a +4 ring of slaying
 o - the ring "Nounten" (right hand) {rPois rC+ Dex+7}
   (You acquired it on level 4 of the Dungeon)

   [ring of poison resistance]

   Dex:       It affects your dexterity (+7).
   rC:        It protects you from cold.
   rPois:     It protects you from poison.
 r - an amulet of the acrobat (around neck)
Wands
 h - a wand of flame (13)
 w - a wand of charming (23)
Scrolls
 d - a scroll of fog
 i - a scroll of noise
Potions
 j - a potion of attraction
 s - a potion of cancellation
 z - a potion of flight
Miscellaneous
 A - a tin of tremorstones (2/2)


   Skills:
 + Level 5.0 Fighting
 + Level 4.2 Short Blades
 + Level 4.2 Long Blades
 + Level 4.2 Axes
 + Level 4.2 Maces & Flails
 + Level 4.2 Polearms
 + Level 4.2 Staves
 + Level 7.9 Ranged Weapons
 + Level 7.9 Throwing
 + Level 4.2 Armour
 + Level 5.0 Dodging
 + Level 4.2 Stealth
 + Level 4.2 Shields
 + Level 4.2 Unarmed Combat
 + Level 5.2 Spellcasting
 + Level 3.5 Conjurations
 + Level 3.5 Hexes
 + Level 3.5 Summonings
 + Level 3.5 Necromancy
 + Level 4.1 Translocations
 + Level 3.5 Transmutations
 + Level 3.5 Fire Magic
 + Level 3.5 Ice Magic
 + Level 3.5 Air Magic
 + Level 3.5 Earth Magic
 + Level 3.5 Poison Magic
 + Level 4.7 Invocations
 + Level 4.2 Evocations


You had 17 spell levels left.
You knew the following spells:

 Your Spells              Type           Power      Damage    Failure   Level
a - Apportation           Tloc           38%        N/A       8%          1

Your spell library contained the following spells:

 Spells                   Type           Power      Damage    Failure   Level
 Shock                    Conj/Air       68%        1d7       10%         1
 Ensorcelled Hibernation  Hex/Ice        34%        N/A       16%         2
 Passwall                 Tmut/Erth      14%        N/A       16%         2
 Portal Projectile        Hex/Tloc       36%        N/A       26%         3
 Swiftness                Air            17%        N/A       30%         3


Dungeon Overview and Level Annotations

Branches:
Dungeon (8/15)              Sewer (visited)
 Temple: D:4-7         Lair: D:8-11

Altars:
Fedhas
Gozag
Hepliaklqana
Kikubaaqudgha
Makhleb
Nemelex Xobeh
Okawaru

Shops:
D:4 :

Annotations:
D:5 3 runed translucent doors, Soil's ghost, amateur DsFi


Innate Abilities, Weirdness & Mutations

You have very sharp teeth.
Your uncanny sense of smell can sniff out nearby items.
Your experience applies equally to all skills.


Message History

* * * LOW HITPOINT WARNING * * *
The killer bee barely misses you.
Okay, then.
Okay, then.
As you read the scroll labelled JAIJOO NOYN, it crumbles to dust.
It is a scroll of enchant weapon.
Your +1 war axe of venom glows red for a moment.
The killer bee closely misses you. The killer bee stings you.
* * * LOW HITPOINT WARNING * * *
Your +2 war axe of venom begins to drip with poison!
q - a +2 war axe of venom (weapon)
The killer bee closely misses you. [a] - 294 gold - haste and brilliance [b] - 420 gold - resistance and might [c] - 184 gold - might and brilliance Purchase which effect?
You feel very mighty all of a sudden.
You feel clever all of a sudden. The killer bee closely misses you. x2
There are monsters nearby!
There are monsters nearby!
You miss the killer bee. Your bite misses the killer bee.
The killer bee is heavily wounded.
The killer bee misses you. The killer bee stings you.
* * * LOW HITPOINT WARNING * * *
The killer bee closely misses you.
You miss the killer bee.
The killer bee is heavily wounded.
The killer bee barely misses you. The killer bee misses you.
You barely miss the killer bee.
The killer bee is heavily wounded.
The killer bee completely misses you. The killer bee stings you.
* * * LOW HITPOINT WARNING * * *
The killer bee misses you.
You slash the killer bee!
You kill the killer bee!
The killer bee barely misses you.
You closely miss the killer bee. The killer bee misses you.
The killer bee stings you!
You die...
Your body crumbles into a pile of gold.

...# #.#...........
##.# #.
#.##.......... .# #.
#.##.......... ##.##
∆ #. #.............
....#
##y#####..##.........
).#.###
#.........##.........
......#
#.##.............>..
..#.#.+
##.##.##.######.#####
......# #.oy@.##.#
#.....# ...##.
#..#####.# #####.#
....# #.. #.# #.#
###.# #.# #.# #.. ..
.. #.# ### .. #.. .#
# .. # #.. # #


You could see a killer bee and an orc.

Vanquished Creatures
  A water moccasin (D:7)
  2 sky beasts
  An ogre (D:5)
  A centaur (D:6)
  2 phantoms
  A kobold brigand (D:7)
  A necrophage (D:7)
  3 bullfrogs
  2 scorpions
  2 killer bees (D:7)
  3 howler monkeys
  9 hounds
  A jelly (D:6)
  3 orc priests
  Ijyb (D:3)
  3 iguanas
  11 gnolls
  12 adders
  2 shadow imps (D:6)
  A white imp (D:7)
  2 worms
  A dart slug (D:4)
  18 orcs
  9 ball pythons
  5 endoplasms
  14 giant cockroaches
  8 goblins
  6 hobgoblins
  6 jackals
  9 quokkas
  4 bats
  9 frilled lizards
  10 kobolds
  12 rats
175 creatures vanquished.

Vanquished Creatures (others)
  An orc wizard (D:7)
  3 fungi (D:5)
  A plant (D:5)
5 creatures vanquished.

Grand Total: 180 creatures vanquished

Notes
Turn   | Place    | Note
-------+----------+-------------------------------------------
     0 | D:1      | croobank the Gnoll Wanderer began the quest for the Orb.
     0 | D:1      | croobank set off with the following items: a +2 sling, 8
                  | poisoned darts, a +0 dagger, a scroll of fog, a +0 leather
                  | armour; and the following spell memorised: Apportation; and
                  | the following spells available to memorise: Portal
                  | Projectile.
     0 | D:1      | Reached XP level 1. HP: 17/17 MP: 4/4
    97 | D:1      | Reached XP level 2. HP: 23/23 MP: 5/5
   628 | D:1      | Reached XP level 3. HP: 28/28 MP: 7/7
   974 | D:2      | Reached skill level 1 in Invocations
  1189 | D:2      | Found a faded altar of an unknown god.
  1192 | D:2      | Got Plato's Opusculum on Breath
  1284 | D:2      | Reached skill level 1 in Short Blades
  1284 | D:2      | Reached skill level 1 in Long Blades
  1284 | D:2      | Reached skill level 1 in Axes
  1284 | D:2      | Reached skill level 1 in Maces & Flails
  1284 | D:2      | Reached skill level 1 in Polearms
  1284 | D:2      | Reached skill level 1 in Staves
  1284 | D:2      | Reached skill level 1 in Armour
  1284 | D:2      | Reached skill level 1 in Stealth
  1284 | D:2      | Reached skill level 1 in Shields
  1284 | D:2      | Reached skill level 1 in Unarmed Combat
  1284 | D:2      | Reached skill level 1 in Evocations
  1329 | D:2      | Reached XP level 4. HP: 14/34 MP: 8/8
  1343 | D:2      | Reached skill level 1 in Conjurations
  1343 | D:2      | Reached skill level 1 in Hexes
  1343 | D:2      | Reached skill level 1 in Summonings
  1343 | D:2      | Reached skill level 1 in Necromancy
  1343 | D:2      | Reached skill level 1 in Transmutations
  1343 | D:2      | Reached skill level 1 in Fire Magic
  1343 | D:2      | Reached skill level 1 in Ice Magic
  1343 | D:2      | Reached skill level 1 in Air Magic
  1343 | D:2      | Reached skill level 1 in Earth Magic
  1343 | D:2      | Reached skill level 1 in Poison Magic
  1998 | D:3      | Reached XP level 5. HP: 40/40 MP: 9/9
  2039 | D:3      | Found a blossoming altar of Fedhas.
  2078 | D:3      | Noticed Ijyb
  2086 | D:3      | Killed Ijyb
  2325 | D:3      | Found a burning altar of Makhleb.
  2692 | D:4      | Identified a scroll of acquirement
  2692 | D:4      | Acquired the ring "Nounten" {rPois rC+ Dex+7}
  2696 | D:4      | Found Omelebuch's Vocational Training.
  2728 | D:4      | Reached XP level 6. HP: 46/47 MP: 9/11
  3011 | D:4      | Found a hazy altar of Hepliaklqana.
  3012 | D:4      | Found an iron altar of Okawaru.
  3013 | D:4      | Found an opulent altar of Gozag.
  3706 | D:4      | Became a worshipper of Gozag Ym Sagoz the Greedy
  4029 | D:5      | Entered Level 5 of the Dungeon
  4592 | D:4      | Reached XP level 7. HP: 52/52 MP: 12/12
  4796 | D:5      | Found a runed translucent gate.
  4796 | D:5      | Found a runed translucent gate.
  4796 | D:5      | Found a runed translucent gate.
  4796 | D:5      | Noticed Soil's ghost (amateur DsFi)
  5304 | D:5      | Identified the +3 helmet of Liberalism {rPois rF- rN+
                  | Dex+4}
  5802 | D:5      | Reached XP level 8. HP: 30/60 MP: 14/14
  5841 | D:6      | Found an ancient bone altar of Kikubaaqudgha.
  6162 | D:6      | Found a sparkling altar of Nemelex Xobeh.
  6278 | D:6      | Found a glowing drain.
  6289 | Sewer    | Entered a sewer
  6523 | Sewer    | Reached XP level 9. HP: 57/66 MP: 16/16
  6799 | D:6      | Reached skill level 5 in Spellcasting
  6902 | D:6      | Identified the ring of Uskayaw's Scorn {rPois rF- Str+6
                  | Slay+6 Stlth-}
  7532 | D:7      | Reached skill level 5 in Fighting
  7532 | D:7      | Reached skill level 5 in Dodging
  7733 | D:7      | Slain by a killer bee

Illustrated notes

Levels and vault maps discovered:
D:1:      dpeg_arrival_oval, layout_loops_cross, minmay_stone_trees_medium,
          hangedman_decor_clover_reticule
D:2:      layout_rooms, shapermc_ecumenical_altar_rom_forum,
          chequers_serial_rivers_small_a, lightli_corner_chamber
D:3:      layout_basic, amcnicky_altar_gilded, fedhas_altar_1, uniq_ijyb
D:4:      layout_cave_pods, chequers_temple_overflow_statue_of_worship,
          nicolae_shop_vocational
D:5:      layout_cave_pools, gammafunk_ghost_nasty_kobolds
D:6:      layout_cave_pools, grunt_temple_overflow_open,
          minmay_temple_entry_statues_pillars, serial_gnoll_camp, grums_kennel,
          gnoll_camp_mini_hut, gnoll_camp_mini_loothouse, gnoll_camp_mini_hut,
          gnoll_camp_mini_basic, cheibrodos_sewer_entry_drain
D:7:      layout_rooms, kennysheep_little_box, serial_shops, kennysheep_mini
D:8:      layout_basic, lemuel_tele_altar, uniq_erica, uniq_psyche,
          uniq_prince_ribbit1

Skill      XL: |  1  2  3  4  5  6  7  8  9 |
---------------+----------------------------+-----
Translocations | 2 3 4 |  4.1
Invocations    | 1 2 3 4 |  4.7
Short Blades   | 1 2 3 4 |  4.2
Long Blades    | 1 2 3 4 |  4.2
Axes           | 1 2 3 4 |  4.2
Maces & Flails | 1 2 3 4 |  4.2
Polearms       | 1 2 3 4 |  4.2
Staves         | 1 2 3 4 |  4.2
Armour         | 1 2 3 4 |  4.2
Stealth        | 1 2 3 4 |  4.2
Shields        | 1 2 3 4 |  4.2
Unarmed Combat | 1 2 3 4 |  4.2
Evocations     | 1 2 3 4 |  4.2
Spellcasting   | 3 4 5 |  5.2
Conjurations   | 1 2 3 |  3.5
Hexes          | 1 2 3 |  3.5
Summonings     | 1 2 3 |  3.5
Necromancy     | 1 2 3 |  3.5
Transmutations | 1 2 3 |  3.5
Fire Magic     | 1 2 3 |  3.5
Ice Magic      | 1 2 3 |  3.5
Air Magic      | 1 2 3 |  3.5
Earth Magic    | 1 2 3 |  3.5
Poison Magic   | 1 2 3 |  3.5
Fighting       | 3 4 5 |  5.0
Dodging        | 3 4 5 |  5.0
Ranged Weapons | 7 |  7.9
Throwing       | 7 |  7.9

Action                   |  1- 3 |  4- 6 |  7- 9 || total
-------------------------+-------+-------+-------++-------
Melee: War axe           |     7 |     2 |    42 ||    51
       Dagger            |       |   124 |   106 ||   230
       Punch             |       |     3 |     5 ||     8
       Bite              |       |    13 |    15 ||    28
       Sling             |       |       |     5 ||     5
 Fire: Sling             |   112 |   140 |   268 ||   520
Throw: Dart              |     3 |    10 |     9 ||    22
Invok: Potion Petition   |       |       |     2 ||     2
Evoke: Wand              |       |       |     2 ||     2
  Use: Scroll            |     2 |     7 |     8 ||    17
       Potion            |     2 |     2 |     4 ||     8
 Stab: Distracted        |       |       |     1 ||     1
       Sleeping          |       |       |     1 ||     1
Armor: Ring mail         |    11 |    38 |    83 ||   132
       Skin              |     2 |     7 |    74 ||    83
Dodge: Dodged            |    29 |   176 |   339 ||   544
